 Dungeon Crawl Stone Soup version 0.32-a0-872-g59262bdc9b (webtiles) character file.

Game seed: 814921083697105266

475 spaghetti the Ruffian (level 7, -3/60 (62) HPs)
             Began as a Naga Chaos Knight on Mar 31, 2024.
             Was a Plaything of Xom.
             Slain by a wight
             ... wielding a +5 war axe of freezing
              (11 damage)
             ... in an ossuary.
             The game lasted 00:05:46 (2586 turns).

spaghetti the Ruffian (Naga Chaos Knight)           Turns: 2586, Time: 00:05:47

HP:   -3/60 (62)    AC:  9    Str: 17    XL:     7   Next: 10%
MP:   7/7           EV: 13    Int: 12    God:    Xom [.*....]
Gold: 172           SH:  0    Dex: 10    Spells: 6/6 levels left

rFire   . .          .
                       - Unarmed
rCold   . . .        (no shield)
rNeg    . . .        a - +2 leather armour
rPois   +            n - +0 helmet
rElec   .            (no cloak)
rCorr   .            h - +1 pair of gloves
SInv    +            (no barding)
Will    .....        (no amulet)
Stlth   +            b - +5 ring of evasion
HPRegen 0.30/turn    (no ring)
MPRegen 0.10/turn

%: no passive effects
@: mighty, about to teleport, lightly drained, very slow
A: AC +2, large, see invisible, deformed body, poison resistance, slowness 2,
spit poison 1, naga tail 1
a: Spit Poison, Renounce Religion


You were in an ossuary.
You worshipped Xom.
You were a plaything of Xom.
You visited 1 branch of the dungeon, and saw 4 of its levels.
You also visited: Ossuary.

You collected 172 gold pieces.

Inventory:

Armour
 a - a +2 leather armour (worn)
 d - a +0 hat
 g - a +0 tower shield
 h - a +1 pair of gloves (worn)
 n - a +0 helmet (worn)
Jewellery
 b - a +5 ring of evasion (left hand)
Scrolls
 f - a scroll of vulnerability
 i - 2 scrolls of poison
 k - 2 scrolls of enchant armour
 l - 2 scrolls of identify
 o - 2 scrolls of amnesia {unknown}
 q - a scroll of torment {unknown}
Potions
 e - 2 potions of curing
 j - a potion of lignification
 m - 3 potions of enlightenment
 p - 3 potions of resistance {unknown}
 r - a potion of invisibility {unknown}


   Skills:
 - Level 3.0 Fighting
 - Level 1.5 Armour
 - Level 0.7 Dodging
 + Level 7.8 Unarmed Combat


You had 6 spell levels left.
You didn't know any spells.
Your spell library contained the following spells:

 Spells                   Type           Power      Damage    Failure   Level
 Call Canine Familiar     Summ           0%         N/A       75%         3
 Sigil of Binding         Hex            0%         N/A       75%         3
 Teleport Other           Tloc           0%         N/A       75%         3
 Dimensional Bullseye     Hex/Tloc       0%         N/A       98%         4
 Dispersal                Tloc           0%         N/A       100%        6
 Gell's Gavotte           Tloc           0%         2d(11-16) 100%        6


Dungeon Overview and Level Annotations

Branches:
Dungeon (4/15)            Ossuary (1/1)
 Temple: D:4-7

Altars:

Shops:
D:3 =


Innate Abilities, Weirdness & Mutations

Your serpentine skin is tough. (AC +2)
You have supernaturally acute eyesight. (SInv)
Armour fits poorly on your strangely shaped body.
Your system is resistant to poisons. (rPois)
You cover ground very slowly.
You can spit poison.
You have a snake-like lower body.


Message History

You completely miss the wight.
The wight hits you with a +5 war axe of freezing.
The wight freezes you.
The wight barely misses your shadow imp.
Your shadow imp hits the wight but does no damage.
You hit the wight.
The wight is lightly damaged.
The burial acolyte drones a funeral chant.
The wight is empowered.
The wight barely misses you.
The wight closely misses your shadow imp.
You hit the wight but do no damage.
The wight is lightly damaged.
Your shadow imp hits the wight but does no damage.
The wight closely misses you.
The wight closely misses your shadow imp.
You hit the wight.
The wight is moderately damaged.
Your shadow imp barely misses the wight.
The wight hits you with a +5 war axe of freezing!
* * * LOW HITPOINT WARNING * * *
You feel drained.
* * * LOW HITPOINT WARNING * * *
The wight freezes you.
* * * LOW HITPOINT WARNING * * *
The wight hits your shadow imp with a +5 war axe of freezing!
The wight freezes your shadow imp.
Your shadow imp dies!
Your shadow imp disappears in a puff of smoke!
You hit the wight but do no damage.
The wight is moderately damaged.
As you read the scroll of teleportation, it crumbles to dust.
You feel strangely unstable. "Go forth and cause havoc, mortal!"
You feel very mighty all of a sudden.
You are now a plaything of Xom.
The wight no longer looks unusually strong.
The wight is no longer moving quickly.
The wight hits you with a +5 war axe of freezing!
You die...
Xom roars with laughter!

#########################
........................#
∩.....................∩.#
......###########.......#
.....##.........##......#
....##...#####...##.....#
...##...##.z.##...##....#
...#...##.??p.##@..#....#
...'...#.!?!..pz)..#....#
...#...##.!.?.##...#....#
...##...##...##...##....#
....##...#####...##.....#
.....##.... ..##......#
......###########.......#
∩.....................∩.#
........................#


You could see a burial acolyte and a wight.

Vanquished Creatures
  A phantom (D:4)
  2 scorpions
  A wight (Ossuary)
  2 mummies
  Robin (D:4)
  7 adders
  2 river rats (D:3)
  4 ribbon worms
  2 dart slugs
  6 orcs
  4 ball pythons
  5 bats
  3 endoplasms
  5 giant cockroaches
  7 hobgoblins
  6 jackals
  A quokka (D:2)
  3 frilled lizards
  6 gnoll skeletons (Ossuary)
  11 goblins
  7 kobolds
  7 kobold skeletons (Ossuary)
  3 orc skeletons (Ossuary)
  10 rats
106 creatures vanquished.

Vanquished Creatures (collateral kills)
  A goblin (D:4)
  A gnoll skeleton (Ossuary)
  A kobold skeleton (Ossuary)
  2 orc skeletons (Ossuary)
5 creatures vanquished.

Grand Total: 111 creatures vanquished

Notes
Turn   | Place    | Note
-------+----------+-------------------------------------------
     0 | D:1      | spaghetti the Naga Chaos Knight began the quest for the
                  | Orb.
     0 | D:1      | Reached XP level 1. HP: 21/21 MP: 1/1
    23 | D:1      | XOM: smoke on damage
    87 | D:1      | Reached XP level 2. HP: 28/28 MP: 2/2
   381 | D:1      | Reached skill level 4 in Unarmed Combat
   456 | D:1      | Reached XP level 3. HP: 30/34 MP: 3/3
   786 | D:2      | XOM: silly message
  1106 | D:2      | XOM: potion effect (haste)
  1110 | D:2      | Reached XP level 4. HP: 39/42 MP: 4/4
  1315 | D:3      | Reached skill level 5 in Unarmed Combat
  1424 | D:3      | Noticed a scorpion
  1434 | D:3      | Killed a scorpion
  1435 | D:3      | Reached XP level 5. HP: 42/49 MP: 5/5
  1487 | D:3      | XOM: divination: detect items
  1501 | D:3      | XOM: cloud trail
  1509 | D:3      | XOM: god gift: battleaxe {god gift}
  1555 | D:3      | Found Coffe's Jewellery Shoppe.
  1577 | D:3      | XOM: 1-stop teleportation journey
  1590 | D:3      | XOM: enchant monster (good)
  1602 | D:3      | Reached skill level 6 in Unarmed Combat
  1612 | D:3      | XOM: enchant monster (good)
  1613 | D:3      | XOM: silly message
  2080 | D:4      | XOM: silly message
  2094 | D:4      | Noticed a phantom
  2110 | D:4      | Killed a phantom
  2111 | D:4      | Reached XP level 6. HP: 45/56 MP: 6/6
  2180 | D:4      | XOM: divination: detect items
  2195 | D:4      | Reached skill level 7 in Unarmed Combat
  2273 | D:4      | Noticed Robin
  2281 | D:4      | XOM: summons friendly ufetubus
  2285 | D:4      | Killed Robin
  2389 | D:4      | Found a sand-covered staircase.
  2398 | Ossuary  | Entered an ossuary
  2417 | Ossuary  | XOM: summons friendly shadow imp
  2581 | Ossuary  | Reached XP level 7. HP: 27/62 MP: 7/7
  2586 | Ossuary  | XOM: potion effect (might)
  2586 | Ossuary  | Slain by a wight

Illustrated notes

Levels and vault maps discovered:
D:1:      dpeg_arrival_short_road, layout_rooms
D:2:      layout_basic, minmay_fractal_squares_gapless_5
D:3:      layout_loops_cross, lightli_sewer_entry_pipes, serial_shops,
          nicolae_shop_tiny_waterfront
D:4:      layout_basic, jmf_multi_god_temple2, nicolae_ossuary_entry_giza,
          uniq_ijyb, uniq_grinder, uniq_robin
Ossuary:  ossuary_due_mausoleum

Skill      XL: |  1  2  3  4  5  6 |
---------------+-------------------+-----
Unarmed Combat | 4 5 6 7 |  7.8
Fighting       | |  3.0
Armour         | |  1.5
Dodging        | |  0.7

Action                     |  1- 3 |  4- 6 |  7- 9 || total
---------------------------+-------+-------+-------++-------
  Melee: Unarmed           |    77 |   185 |     5 ||   267
         Punch             |       |     9 |       ||     9
Ability: Spit Poison       |    31 |    17 |       ||    48
    Use: Scroll            |     4 |     3 |     1 ||     8
         Potion            |     2 |     5 |       ||     7
   Stab: Paralysed         |       |     6 |       ||     6
         Distracted        |       |     1 |       ||     1
 Armour: Leather armour    |    50 |    76 |     3 ||   129
  Dodge: Dodged            |    76 |    98 |     2 ||   176

Table legend: (Time is in decaauts)
 A = Elapsed time spent in this place.
 B = Non-inter-level travel time spent in this place.
 C = Inter-level travel time spent in this place.
 D = Time resting spent in this place.
 E = Time spent auto-exploring this place.
 F = Levels seen in this place.
 G = Mean time per level.
                   A        B        C        D        E       F      G
               +--------+--------+--------+--------+--------+-----+--------+
         Total |   3287 |   3126 |    161 |     67 |   2446 |   5 |  657.4 |
       Dungeon |   3063 |   2902 |    161 |     53 |   2327 |   4 |  765.8 |
       Ossuary |    223 |    223 |      0 |     14 |    118 |   1 |  223.0 |
               +--------+--------+--------+--------+--------+-----+--------+

Top non-repeatable levels by time:
     D:2: 1043 daAuts
     D:3: 1040 daAuts
     D:1: 621 daAuts
     D:4: 357 daAuts
 Ossuary: 223 daAuts
